 Dungeon Crawl Stone Soup version 0.25.0-9-g26727b657a (webtiles) character file.

Game seed: 3139527884086617357

35 Krehm the Insei (level 3, -6/23 HPs)
             Began as an Octopode Transmuter on June 19, 2020.
             Mangled by a gnoll
             ... wielding a +2 halberd of venom
              (17 damage)
             ... on level 1 of the Dungeon.
             The game lasted 00:03:40 (1009 turns).

Krehm the Insei (Octopode Transmuter)               Turns: 1009, Time: 00:03:42

Health: -6/23      AC:  1    Str:  9    XL:     3   Next: 35%
Magic:  5/6        EV: 13    Int: 16    God:
Gold:   15         SH:  0    Dex: 12    Spells: 4/7 levels left

rFire    . . .     SeeInvis .   i - +0 short sword
rCold    . . .     Gourm    .   (no shield)
rNeg     . . .     Faith    .   (helmet restricted)
rPois    .         Spirit   .   (no amulet)
rElec    .         Reflect  .   (no ring)
rCorr    .         Harm     .   (no ring)
MR       .....                  (no ring)
Stlth    +++.......             (no ring)
HPRegen  0.07/turn              (no ring)
MPRegen  0.10/turn              (no ring)
                                (no ring)
                                (no ring)

@: lethally poisoned (-6 -> -17), very slightly contaminated
A: almost no armour, stealthy swim, amphibious, 8 rings, constrict 8, camouflage
1, gelatinous body 1
a: no special abilities


You were on level 1 of the Dungeon.
You were hungry.

You visited 1 branch of the dungeon, and saw 2 of its levels.

You collected 15 gold pieces.

Inventory:

Hand Weapons
 i - a +0 short sword (weapon)
Missiles
 a - 12 arrows
Scrolls
 b - a scroll of amnesia {unknown}
 d - 2 scrolls of teleportation {unknown}
 e - 2 scrolls of identify {unknown}
 f - a scroll of fear {unknown}
 h - a scroll of remove curse {unknown}
Potions
 j - a potion of degeneration {unknown}
Comestibles
 c - 2 rations


   Skills:
 - Level 1.0 Fighting
 - Level 2.0 Dodging
 + Level 2.3 Stealth
 - Level 3.0 Unarmed Combat
 + Level 2.5 Spellcasting
 + Level 2.6 Transmutations


You had 4 spell levels left.
You knew the following spells:

 Your Spells              Type           Power        Failure   Level  Hunger
a - Beastly Appendage     Tmut           ##....       7%          1    #......
b - Sticks to Snakes      Tmut           ##......     10%         2    ##.....

Your spell library contained the following spells:

 Spells                   Type           Power        Failure   Level  Hunger
 Spider Form              Tmut/Pois      #.........   34%         3    ###....
 Ice Form                 Ice/Tmut       #.......     75%         4    #####..
 Blade Hands              Tmut           ##........   88%         5    ######.


Dungeon Overview and Level Annotations

Branches:
Dungeon (2/15)

Altars:


Innate Abilities, Weirdness & Mutations

You cannot wear most types of armour.
You are very stealthy in the water. (Stealth+)
You are amphibious.
You can wear up to eight rings at the same time.
You can use your tentacles to constrict eight enemies at once.
Your skin changes colour to match your surroundings (Stealth+).
Your rubbery body absorbs attacks. (AC +1, EV +1)


Message History

You are feeling hungry.
The helpless gnoll fails to defend itself.
You hit the gnoll. You grab the gnoll.
The gnoll is moderately wounded.
You constrict the gnoll, but do no damage.
The gnoll hits you with a +2 halberd of venom!
You are lethally poisoned!
The gnoll shouts! x2; The leopard gecko hisses angrily.
You release your grip on the gnoll.
You feel sick.
The goblin shouts!
The gnoll shouts!
You climb upwards.
You feel sick.
There is a stone staircase leading down here.
Casting: Beastly Appendage (safe; 7% risk of failure)
Confirm with . or Enter, or press ? or * to list all spells.
You miscast Beastly Appendage.
You are very lightly contaminated with residual magic.
Nothing appears to happen.
You feel sick.
The gnoll hits you with a +2 halberd of venom!
Ouch! That really hurt!
You die...

#..)......'......'.
#.........########.
##'######## #. #.# #.
########'#### ##
#...........#
#...........########
##..................######
#........@................
##.######g.######'#'##....
#)# #..#.........#.### #.#
#..#.#..(....#.# #.#
#..#.#.......#.### #.#
#..#.#.......#.... #.#
#..#.#.....[.#.... #.#
#..#.#.......+.... #.#
####..#.#.......#....


You could see a gnoll.

Vanquished Creatures
  2 oozes (D:1)
  3 dart slugs (D:1)
  A leopard gecko (D:1)
  4 bats (D:1)
  3 hobgoblins (D:1)
  4 kobolds (D:1)
  A ball python (D:1)
  A frilled lizard (D:1)
  2 rats (D:1)
21 creatures vanquished.

Notes
Turn   | Place    | Note
-------+----------+-------------------------------------------
     0 | D:1      | Krehm the Octopode Transmuter began the quest for the Orb.
     0 | D:1      | Reached XP level 1. HP: 13/13 MP: 3/3
    83 | D:1      | Reached skill level 1 in Stealth
   179 | D:1      | Reached XP level 2. HP: 14/18 MP: 3/5
   186 | D:1      | Learned a level 2 spell: Sticks to Snakes
   446 | D:1      | Reached XP level 3. HP: 12/23 MP: 4/6
  1009 | D:1      | Mangled by a gnoll

Illustrated notes

Levels and vault maps discovered:
D:1:      heliophobic_arrival_enchanted_forest, layout_basic
D:2:      layout_basic

Skill      XL: |  1  2 |
---------------+-------+-----
Stealth        | 1 2 |  2.3
Fighting       | |  1.0
Dodging        | |  2.0
Unarmed Combat | |  3.0
Spellcasting   | |  2.5
Transmutations | |  2.6

Action                   || total
-------------------------++-------
Melee: Unarmed           ||    40
       Constrict         ||    14
       Tentacles         ||     5
       Kick              ||     8
       Short sword       ||     4
 Cast: Beastly Appendage ||    15
 Stab: Sleeping          ||     6
Armor: Skin              ||     5
Dodge: Dodged            ||    23
